 Dungeon Crawl Stone Soup version 0.30-a0-1082-g70414cbcbb (webtiles) character file.

Game seed: 9827913859998706958

137 senseless the Shooter (level 5, -4/54 HPs)
             Began as an Octopode Hunter on Apr 15, 2023.
             Frozen to death by an endoplasm (5 damage)
             ... on level 3 of the Dungeon.
             The game lasted 00:05:43 (1521 turns).

senseless the Shooter (Octopode Hunter)             Turns: 1521, Time: 00:05:44

Health: -4/54      AC:  1    Str: 10    XL:     5   Next: 20%
Magic:  5/5        EV: 14    Int: 11    God:
Gold:   77         SH:  0    Dex: 18    Spells: 4/4 levels left

rFire   + . .      SeeInvis .    (no weapon)
rCold   . . .      Faith    .    (no shield)
rNeg    . . .      Spirit   .    (helmet restricted)
rPois   .          Reflect  .    c - amulet of the acrobat
rElec   .          Rampage  .    f - ring of fire
rCorr   .                        g - ring of ice
Will    .....                    l - ring of protection from fire Stlth
                                 (no ring)
HPRegen 0.29/turn                (no ring)
MPRegen 0.09/turn                (no ring)
                                 (no ring)
                                 (no ring)

@: berserking (expiring), lethally poisoned (-4 -> -6), very quick
A: almost no armour, amphibious, 8 rings, camouflage 1, gelatinous body 1,
(nimble swimmer 1), tentacles
a: no special abilities


You were on level 3 of the Dungeon.
You visited 1 branch of the dungeon, and saw 3 of its levels.

You collected 122 gold pieces.
You spent 45 gold pieces at shops.

Inventory:

Hand Weapons
 a - a +0 shortbow
 n - a +0 arbalest
Jewellery
 c - an amulet of the acrobat (around mantle)
 f - a ring of fire (left tentacle)
 g - a ring of ice (right tentacle)
 l - a ring of protection from fire (on tentacle)
Scrolls
 b - 2 scrolls of immolation
 d - 3 scrolls of identify {unknown}
 k - a scroll of blinking {unknown}
 m - a scroll of enchant armour {unknown}
 p - a scroll of teleportation {unknown}
Potions
 e - a potion of mutation {unknown}
 h - a potion of berserk rage
 i - a potion of brilliance {unknown}
 j - a potion of invisibility {unknown}
 o - 2 potions of ambrosia {unknown}
 q - a potion of haste {unknown}
 r - a potion of lignification {unknown}


   Skills:
 + Level 3.1 Fighting
 + Level 4.6 Ranged Weapons
 + Level 3.1 Dodging
 + Level 3.6 Stealth


You had 4 spell levels left.
You didn't know any spells.
Your spell library contained the following spells:

 Spells                   Type           Power      Damage    Failure   Level
 Blink                    Tloc           0%         N/A       47%         2
 Lesser Beckoning         Tloc           0%         N/A       47%         2
 Momentum Strike          Conj/Tloc      0%         3d8       47%         2


Dungeon Overview and Level Annotations

Branches:
Dungeon (3/15)

Altars:
Cheibriados

Shops:
D:2 (


Innate Abilities, Weirdness & Mutations

You cannot wear most types of armour.
You are amphibious.
You can wear up to eight rings at the same time.
Your skin changes colour to match your surroundings (Stealth+).
Your rubbery body absorbs attacks. (AC +1, EV +1)
((You are camouflaged when in or above water. (Stealth+)))
You have tentacles for arms and can constrict up to eight enemies at once.


Message History

You shoot a bolt. The bolt closely misses the adder.
The endoplasm quivers.
You feel sick. The adder barely misses you. The adder bites you.
* * * LOW HITPOINT WARNING * * *
The adder misses you.
It was a potion of berserk rage.
A red film seems to cover your vision as you go berserk!
You feel yourself moving faster!
You feel mighty!
You feel sick. The adder bites you.
* * * LOW HITPOINT WARNING * * *
You are more poisoned.
The adder poisons you!
You are too berserk!
Really attack while wielding your +0 arbalest?
Okay, then.
You are now empty-tentacled.
You feel a strong urge to attack something.
You barely miss the adder. You grab the adder.
The adder is lightly wounded.
You constrict the adder, but do no damage.
You feel sick. The adder closely misses you.
You tentacle-slap the adder.
The adder is heavily wounded.
You constrict the adder, but do no damage.
You feel sick. The adder barely misses you.
You bludgeon the adder!
You kill the adder!
You feel sick.
You feel sick. The endoplasm freezes you.
You are frozen.
* * * LOW HITPOINT WARNING * * *
Things that are here:
5 gold pieces; an adder corpse; a jackal corpse You barely miss the endoplasm.
Your squeeze misses the endoplasm.
* * * LOW HITPOINT WARNING * * *
You feel sick. The endoplasm freezes you.
You are frozen.
You die...

#.. #.. ###.....
....... .#.#.#
#>... ... #J#######
#.###@#.....##
######
#............#
#.....
####<...>....#
#.###.
#.........####.###.
##.##.....'.[......
#.##.....####.....
#.##.....# #.....
#..#.....# #....#
## ##....# #....#


You could see an endoplasm.

Vanquished Creatures
  Natasha (D:3)
  4 adders
  2 dart slugs
  2 bats (D:1)
  3 endoplasms (D:1)
  6 giant cockroaches
  10 goblins
  4 hobgoblins
  4 jackals
  9 kobolds
  6 quokkas
  5 ball pythons
  4 frilled lizards (D:1)
  4 rats
64 creatures vanquished.

Notes
Turn   | Place    | Note
-------+----------+-------------------------------------------
     0 | D:1      | senseless the Octopode Hunter began the quest for the Orb.
     0 | D:1      | Reached XP level 1. HP: 14/14 MP: 1/1
    79 | D:1      | Reached XP level 2. HP: 15/19 MP: 2/2
   317 | D:1      | Reached XP level 3. HP: 25/25 MP: 3/3
   754 | D:2      | Reached XP level 4. HP: 25/30 MP: 4/4
   971 | D:2      | Found a snail-covered altar of Cheibriados.
  1255 | D:2      | Found Tuptiol's Weapon Shop.
  1263 | D:2      | Bought a +0 arbalest for 45 gold pieces
  1345 | D:3      | Noticed Natasha
  1351 | D:3      | Killed Natasha
  1434 | D:3      | Reached XP level 5. HP: 36/36 MP: 5/5
  1520 | D:3      | HP: 2/54 [frozen (4)]
  1521 | D:3      | Frozen to death by an endoplasm

Illustrated notes

Levels and vault maps discovered:
D:1:      dpeg_arrival_shelter, layout_loops_ring, grunt_decor_junction
D:2:      layout_loops_cross, serial_shops, nicolae_shop_bloodbath_and_beyond,
          basic_altar
D:3:      layout_basic, general_overflow_altar, chequers_serial_rivers_small_a,
          uniq_natasha, uniq_grinder

Skill      XL: |  1  2  3  4 |
---------------+-------------+-----
Stealth        | 2 3 |  3.6
Dodging        | 3 |  3.1
Fighting       | 3 |  3.1
Ranged Weapons | |  4.6

Action                     |  1- 3 |  4- 6 || total
---------------------------+-------+-------++-------
  Melee: Unarmed           |       |     4 ||     4
         Constrict         |       |     1 ||     1
   Fire: Shortbow          |   104 |    16 ||   120
         Arbalest          |       |    33 ||    33
    Use: Potion            |       |     1 ||     1
 Armour: Skin              |     4 |       ||     4
  Dodge: Dodged            |    24 |    24 ||    48

Table legend: (Time is in decaauts)
 A = Elapsed time spent in this place.
 B = Non-inter-level travel time spent in this place.
 C = Inter-level travel time spent in this place.
 D = Time resting spent in this place.
 E = Time spent auto-exploring this place.
 F = Levels seen in this place.
 G = Mean time per level.
                   A        B        C        D        E       F      G
               +--------+--------+--------+--------+--------+-----+--------+
         Total |   1583 |   1519 |     64 |      0 |   1190 |   3 |  527.7 |
       Dungeon |   1583 |   1519 |     64 |      0 |   1190 |   3 |  527.7 |
               +--------+--------+--------+--------+--------+-----+--------+

Top non-repeatable levels by time:
     D:2: 692 daAuts
     D:1: 650 daAuts
     D:3: 241 daAuts
